AoeStats
← ccereal

Arena

510075708Analyzed
2v2 RM · 3d ago on Sep 29, 2026· 19m 27s· 4 players
Game mode
Random Map
Map size
Medium (4 player)
Population
200
Speed
Normal
Resources
Standard
Victory
Conquest
Starting age
Dark Age
Ending age
Imperial Age
RankedLock teamsTeams togetherTeam positionsShared explorationLock speedFull tech treeHidden civsTurbo modeCheats
Victory
Defeat
🇫🇷 Britons · France
1612
+12
🇫🇷 Gurjaras · France
1531
+15
🇦🇺 Varangians · Australia
1519
-14
🇳🇿 Danes · New Zealand
1509
-13
Sp Bro
10:48 Feudal Age
14:30 Castle Age
12:42 Double-Bit Axe
13:02 Horse Collar
13:39 Loom
14:42 Gold Mining
ImprovingYeti
11:06 Feudal Age
15:59 Castle Age
14:35 Double-Bit Axe
18:02 Scale Mail Armor
18:13 Forging
17:50 Horse Collar
Flybidi
9:59 Feudal Age
13:49 Castle Age
12:25 Double-Bit Axe
ccereal
8:41 Feudal Age
7:05 Loom
9:18 Double-Bit Axe
14:25 Fletching
14:36 Padded Archer Armor
21:46 Castle Age
Connection lost

Rejoining the realm…

Still unreachable

The connection could not be restored.

Session expired

The server has moved on; the page needs a fresh start.